 Dungeon Crawl Stone Soup version 0.31-a0-986-g5e6e4ef867 (webtiles) character file.

Game seed: 9887664697993470023

130 dialectric the Trooper (level 4, -9/37 HPs)
             Began as a Demonspawn Berserker on Nov 22, 2023.
             Was a Believer of Trog.
             Killed by divine providence
             ... invoked by an orc priest
              (13 damage)
             ... on level 3 of the Dungeon.
             The game lasted 00:02:24 (2568 turns).

dialectric the Trooper (Demonspawn Berserker)       Turns: 2568, Time: 00:02:24

Health: -9/37      AC:  3    Str: 17 (19) XL:     4   Next: 89%
Magic:  4/4        EV: 12    Int:  6 (9)  God:    Trog [**....]
Gold:   229        SH:  0    Dex: 11 (12) Spells: 3/3 levels left

rFire   . . .        k - +2 hand axe (flame)
rCold   . . .        (no shield)
rNeg    . . .        b - +0 animal skin
rPois   +            (helmet restricted)
rElec   .            i - +0 cloak
rCorr   .            (no gloves)
SInv    .            (no boots)
Will    .....        p - amulet of the acrobat
Stlth   +            q - ring of poison resistance
HPRegen 0.26/turn    (no ring)
MPRegen 0.09/turn

%: acrobat
@: brilliant, hasted, very quick
A: antennae 1
a: Renounce Religion, Berserk, Trog's Hand


You were on level 3 of the Dungeon.
You worshipped Trog.
Trog was pleased with you.
You visited 1 branch of the dungeon, and saw 4 of its levels.

You collected 229 gold pieces.

Inventory:

Hand Weapons
 a - a +0 mace
 k - a +2 hand axe of flaming (weapon)
Missiles
 l - 6 curare-tipped darts (quivered)
Armour
 b - a +0 animal skin (worn)
 i - a +0 cloak (worn)
Jewellery
 p - an amulet of the acrobat (around neck)
 q - a ring of poison resistance (left hand)
 t - a +5 ring of evasion
Talismans
 m - a flux talisman
Wands
 n - a wand of digging (6)
Scrolls
 c - a scroll of fog {unknown}
 d - 2 scrolls of teleportation {unknown}
 g - 3 scrolls of revelation {unknown}
 h - 2 scrolls of identify {unknown}
 j - a scroll of enchant weapon {unknown}
 w - 2 scrolls of fear {unknown}
 x - a scroll of blinking {unknown}
Potions
 e - a potion of curing
 f - 2 potions of degeneration
 o - a potion of lignification {unknown}
 r - a potion of haste
 s - a potion of invisibility {unknown}
 u - a potion of brilliance
 v - a potion of ambrosia {unknown}


   Skills:
 + Level 3.9 Fighting
 + Level 1.8(2.7) Axes
 - Level 3.1(3.3) Maces & Flails
 + Level 1.8 Armour
 * Level 2.8 Dodging
 + Level 1.0 Stealth


You had 3 spell levels left.
You didn't know any spells.
Your spell library contained the following spells:

 Spells                   Type           Power      Damage    Failure   Level
 Shock                    Conj/Air       0%         1d3       45%         1
 Blink                    Tloc           0%         N/A       58%         2
 Swiftness                Air            0%         N/A       83%         3
 Airstrike                Air            0%         2d(0-16)  99%         4
 Manifold Assault         Tloc           0%         N/A       99%         4


Dungeon Overview and Level Annotations

Branches:
Dungeon (4/15)
 Temple: D:4-7

Altars:
Nemelex Xobeh

Shops:
D:2 (


Innate Abilities, Weirdness & Mutations

You have a pair of small antennae on your head.


Message History

You hit the orc priest. You burn the orc priest.
The orc priest is lightly wounded.
You barely miss the orc. The orc barely misses you.
The orc priest hits you with a +0 whip.
Unknown command.
You closely miss the orc priest.
The orc priest is lightly wounded.
You hit the orc. You burn the orc. The orc hits you but does no damage.
The orc priest hits you with a +0 whip. The orc hits you with a +0 short sword.
You hit the orc priest but do no damage.
The orc priest is lightly wounded.
You hit the orc. You burn the orc.
You kill the orc!
Trog accepts your kill. The orc priest closely misses you.
The orc priest invokes the aid of Beogh against you.
Beogh smites you!
* * * LOW HITPOINT WARNING * * *
You hit the orc priest but do no damage.
The orc priest miscasts a cantrip.
You are too injured to fight recklessly!
You closely miss the orc priest. The orc priest misses you.
Unknown command.
It was a potion of degeneration.
There was something very wrong with that liquid.
You feel weakened.
You feel dopey.
You feel clumsy. The orc priest closely misses you.
Unknown command.
It was a potion of curing.
You feel better. The orc priest hits you with a +0 whip.
* * * LOW HITPOINT WARNING * * *
It was a potion of haste.
You feel yourself speed up. The orc priest hits you with a +0 whip.
* * * LOW HITPOINT WARNING * * *
Unknown command.
It was a potion of brilliance.
You feel clever all of a sudden.
The orc priest invokes the aid of Beogh against you.
Beogh smites you!
You die...

#.##.#####.#### #.............#
###### #..#.##.##.##.# ########
.....# #....##....##.# #.......
.###.# ##.#.......##.# #.######
.# #.# #.####...###.# #....... ##
#.# #.####.......# #.#####. #.#
#....†...##### #.#####.
####.##########o@.# #....##.
#.......# #.).# #.##.##.
........### #...# #.##.##.
#.........#####...########.......
#.......#......................##
#................................
#........................#.....##
#.>.....<.#####...######.#.....##
..........# #...# #.#..##.##


You could see an orc priest.

Vanquished Creatures
  A scorpion (D:3)
  3 adders
  A worm (D:2)
  4 dart slugs
  2 orcs
  3 ball pythons
  3 endoplasms (D:1)
  A goblin (D:1)
  A hobgoblin (D:1)
  5 kobolds
  3 quokkas
  3 bats
  2 frilled lizards
  6 rats
38 creatures vanquished.

Notes
Turn   | Place    | Note
-------+----------+-------------------------------------------
     0 | D:1      | dialectric the Demonspawn Berserker began the quest for the
                  | Orb.
     0 | D:1      | Reached XP level 1. HP: 18/18 MP: 1/1
    73 | D:1      | Discovered your monstrous ancestry.
    73 | D:1      | Gained mutation: You have a pair of small antennae on your
                  | head. [demonic ancestry]
    73 | D:1      | Reached XP level 2. HP: 19/24 MP: 2/2
  1140 | D:2      | Reached XP level 3. HP: 28/29 MP: 3/3
  1327 | D:2      | Found Woqogoos's Weapon Boutique.
  1626 | D:2      | Found a faded altar of an unknown god.
  1834 | D:3      | Reached ** piety under Trog
  2019 | D:3      | Found a faded altar of an unknown god.
  2024 | D:3      | Found a sparkling altar of Nemelex Xobeh.
  2254 | D:3      | Reached skill level 1 in Axes
  2400 | D:4      | Noticed a scorpion
  2414 | D:3      | Reached XP level 4. HP: 19/37 MP: 4/4
  2417 | D:3      | Killed a scorpion
  2418 | D:3      | Reached skill level 1 in Stealth
  2549 | D:4      | Noticed a scorpion
  2568 | D:3      | Killed from afar by an orc priest

Illustrated notes

Levels and vault maps discovered:
D:1:      ldierk_walled_garden_2, layout_basic, serial_bayou,
          serial_bayou_pond_c, serial_bayou_shore_b, serial_bayou_pond_b,
          serial_bayou_pond_a, skrybe_limestone_x,
          nicolae_twisty_statue_hallways
D:2:      layout_loops_cross, serial_shops, nicolae_shop_tiny_statue_garden,
          shapermc_ecumenical_altar_hornbeckon, serial_bayou_pond_c
D:3:      layout_loops_cross, nicolae_overflow_ecumenical_swirl
D:4:      layout_cave_pods, mainiacjoe_overflow_alcove_2, uniq_eustachio

Skill      XL: |  1  2  3  4 |
---------------+-------------+-----
Maces & Flails | 3 |  3.1
Dodging        | 2 |  2.8
Axes           | 1 |  1.8
Stealth        | 1 |  1.0
Fighting       | |  3.9
Armour         | |  1.8

Action                     |  1- 3 |  4- 6 || total
---------------------------+-------+-------++-------
  Melee: Mace              |    29 |       ||    29
         Hand axe          |    57 |    12 ||    69
         Punch             |     1 |       ||     1
 Invoke: Berserk           |     1 |       ||     1
    Use: Potion            |       |     4 ||     4
   Stab: Sleeping          |     2 |       ||     2
 Armour: Animal skin       |    46 |    13 ||    59
  Dodge: Dodged            |    57 |     9 ||    66

Table legend: (Time is in decaauts)
 A = Elapsed time spent in this place.
 B = Non-inter-level travel time spent in this place.
 C = Inter-level travel time spent in this place.
 D = Time resting spent in this place.
 E = Time spent auto-exploring this place.
 F = Levels seen in this place.
 G = Mean time per level.
                   A        B        C        D        E       F      G
               +--------+--------+--------+--------+--------+-----+--------+
         Total |   2623 |   2507 |    116 |    192 |   1903 |   4 |  655.8 |
       Dungeon |   2623 |   2507 |    116 |    192 |   1903 |   4 |  655.8 |
               +--------+--------+--------+--------+--------+-----+--------+

Top non-repeatable levels by time:
     D:3: 891 daAuts
     D:1: 884 daAuts
     D:2: 824 daAuts
     D:4: 23 daAuts
